 Dungeon Crawl Stone Soup version 0.31-a0-188-g5e087ee2ca (webtiles) character file.

Game seed: 2145438571610410412

9 qw the Shooter (level 2, -1/16 HPs)
             Began as a Deep Elf Hunter on June 23, 2023.
             Slain by a frilled lizard (3 damage)
             ... on level 1 of the Dungeon.
             The game lasted 00:00:04 (125 turns).

qw the Shooter (Deep Elf Hunter)                     Turns: 125, Time: 00:00:05

Health: -1/16      AC:  3    Str:  8    XL:     2   Next: 3%
Magic:  4/4        EV: 12    Int: 13    God:
Gold:   3          SH:  0    Dex: 18    Spells: 1/1 levels left

rFire   . . .        a - +0 shortbow
rCold   . . .        (shield currently unavailable)
rNeg    . . .        c - +0 leather armour
rPois   .            (no helmet)
rElec   .            (no cloak)
rCorr   .            (no gloves)
SInv    .            (no boots)
Will    .....        (no amulet)
Stlth   ++           (no ring)
HPRegen 0.22/turn    (no ring)
MPRegen 0.09/turn

%: no passive effects
@: no status effects
A: no striking features
a: no special abilities


You were on level 1 of the Dungeon.
You visited 1 branch of the dungeon, and saw 1 of its levels.

You collected 3 gold pieces.


   Skills:
 - Level 1.5 Fighting
 + Level 6.0 Ranged Weapons
 - Level 2.4 Dodging
 - Level 1.2 Stealth


You had one spell level left.
You didn't know any spells.
Your spell library was empty.

Inventory:

Hand Weapons
 a - a +0 shortbow (weapon)
Armour
 c - a +0 leather armour (worn)
Scrolls
 b - a scroll of butterflies
 d - a scroll of poison {unknown}
 e - a scroll of amnesia {unknown}
Potions
 f - a potion of might {unknown}

Dungeon Overview and Level Annotations

Branches:
Dungeon (1/15)

Altars:


Message History

You have reached level 2!
You shoot an arrow.
The arrow hits the rat but does no damage.
The frilled lizard closely misses you. The rat barely misses you.
You shoot an arrow. The arrow hits the rat!
You kill the rat!
The frilled lizard barely misses you.
An endoplasm comes into view.
Your Ranged Weapons skill increases to level 6!
You shoot an arrow.
The arrow hits the endoplasm but does no damage.
The endoplasm hits you.
The frilled lizard bites you but does no damage.
The endoplasm freezes you.
You are frozen.
The frilled lizard bites you but does no damage.
You shoot an arrow.
The arrow hits the endoplasm but does no damage.
The frilled lizard barely misses you. The endoplasm hits you.
You shoot an arrow. The arrow hits the endoplasm.
The endoplasm is lightly wounded.
The frilled lizard closely misses you.
The endoplasm hits you but does no damage.
You shoot an arrow. The arrow hits the endoplasm.
The endoplasm is moderately wounded.
The endoplasm freezes you.
You are frozen.
The frilled lizard bites you but does no damage.
You shoot an arrow. The arrow barely misses the endoplasm.
A frilled lizard comes into view.
The endoplasm barely misses you. The frilled lizard bites you.
You shoot an arrow. The frilled lizard hisses angrily.
The arrow hits the endoplasm.
The endoplasm is severely wounded.
The endoplasm hits you. The frilled lizard bites you.
You shoot an arrow. The arrow hits the endoplasm!
You kill the endoplasm!
The frilled lizard bites you.
You die...

... .. # l. .. .###. # .... #
#. ##J.# # #...###l%# # #
#....@#######.# ########
#####.........#### ..^.....
........###.........
####################.########
######...............#
.......###############
########


You could see an endoplasm and 2 frilled lizards.

Vanquished Creatures
  3 endoplasms (D:1)
  2 hobgoblins (D:1)
  A kobold (D:1)
  A ball python (D:1)
  A bat (D:1)
  A rat (D:1)
9 creatures vanquished.

Notes
Turn   | Place    | Note
-------+----------+-------------------------------------------
     0 | D:1      | qw the Deep Elf Hunter began the quest for the Orb.
     0 | D:1      | Reached XP level 1. HP: 12/12 MP: 3/3
     0 | D:1      | 0 ||| qw: Version: 0.3-a-9-g12657ce
     0 | D:1      | 0 ||| qw: Game counter: 3811
     0 | D:1      | 0 ||| qw: Always use a shield: true
     0 | D:1      | 0 ||| qw: God list: Okawaru
     0 | D:1      | 0 ||| qw: Allow faded altars: false
     0 | D:1      | 0 ||| qw: Do Orc after D:15 true
     0 | D:1      | 0 ||| qw: Do second Lair branch before Depths: true
     0 | D:1      | 0 ||| qw: Lair rune preference: random
     0 | D:1      | 0 ||| qw: Plans: Normal
     0 | D:1      | 0 ||| PLANNING D:1-11
   117 | D:1      | Reached XP level 2. HP: 16/16 MP: 4/4
   119 | D:1      | Reached skill level 6 in Ranged Weapons
   124 | D:1      | HP: 4/16 [endoplasm (1)]
   125 | D:1      | Slain by a frilled lizard

Levels and vault maps discovered:
D:1:      scummos_arrival_simple_crosswalls, layout_loops_ring, st_stairs_7,
          dreamdust_princess_bridge, minmay_three_crescents

Skill      XL: |  1  2 |
---------------+-------+-----
Ranged Weapons | 6 |  6.0
Fighting       | |  1.5
Dodging        | |  2.4
Stealth        | |  1.2

Action                     || total
---------------------------++-------
   Fire: Shortbow          ||    29
 Armour: Leather armour    ||     7
  Dodge: Dodged            ||     8

Table legend:
 A = Non-vault XP
 B = Vault XP
 C = Vault XP percentage of total XP
 D = Non-vault monster count
 E = Vault monster count
 F = Vault count percentage of total count
                 A         B        C        D         E       F
            +---------+---------+-------+---------+---------+-------
      Total |       7 |       8 |  53.3 |       4 |       5 |  55.6
            +---------+---------+-------+---------+---------+-------
        D:1 |       7 |       8 |  53.3 |       4 |       5 |  55.6
            +---------+---------+-------+---------+---------+-------
